 Dungeon Crawl Stone Soup version 0.28-a0-893-g5e322aebe8 (webtiles) character file.

Game seed: 7001545958119581342

2871 BinkBink the Thaumaturge (level 9, -2/39 HPs)
             Began as a Spriggan Summoner on Nov 22, 2021.
             Killed from afar by Harold (19 damage)
             ... with a harpoon shot
             ... on level 7 of the Dungeon.
             The game lasted 00:45:38 (10259 turns).

BinkBink the Thaumaturge (Spriggan Summoner)       Turns: 10259, Time: 00:45:39

Health: -2/39      AC:  2    Str:  4    XL:     9   Next: 47%
Magic:  1/24       EV: 18    Int: 19    God:
Gold:   400        SH:  0    Dex: 16    Spells: 9/29 levels left

rFire   . . .      SeeInvis +   n - +2 dagger (freeze)
rCold   . . .      Faith    .   (shield restricted)
rNeg    . . .      Spirit   .   a - +0 robe
rPois   .          Reflect  .   (helmet restricted)
rElec   .          Harm     .   (no cloak)
rCorr   .          Rampage  .   (gloves unavailable)
Will    +....                   (boots unavailable)
Stlth   +++.......              (no amulet)
HPRegen 0.13/turn               (no ring)
MPRegen 0.19/turn               (no ring)

@: unable to read, very quick
A: very small, no large weapons, unfitting armour, see invisible, speed 3,
inability to read while threatened
a: no special abilities


You were on level 7 of the Dungeon.
You visited 1 branch of the dungeon, and saw 7 of its levels.

You collected 400 gold pieces.

Inventory:

Hand Weapons
 e - a +0 dagger of distortion
 n - a +2 dagger of freezing (weapon)
Missiles
 s - a throwing net
Armour
 a - a +0 robe (worn)
Scrolls
 b - a scroll of identify
 c - 3 scrolls of blinking
 d - 2 scrolls of noise
 g - 2 scrolls of fear
 o - a scroll of enchant weapon
 t - a scroll of amnesia
Potions
 f - 2 potions of heal wounds
 i - a potion of magic
 j - 3 potions of brilliance
 k - a potion of ambrosia
 m - 2 potions of curing
 r - a potion of invisibility


   Skills:
 + Level 3.2 Dodging
 + Level 4.4 Stealth
 + Level 10.5 Spellcasting
 * Level 4.4 Hexes
 + Level 7.4 Summonings
 * Level 2.1 Necromancy
 * Level 2.2 Air Magic


You had 9 spell levels left.
You knew the following spells:

 Your Spells              Type           Power      Damage    Failure   Level
a - Summon Small Mammal   Summ           100%       N/A       1%          1
b - Call Imp              Summ           38%        N/A       1%          2
c - Call Canine Familiar  Summ           38%        N/A       1%          3
d - Summon Guardian Gole  Hex/Summ       32%        N/A       1%          3
e - Summon Lightning Spi  Summ/Air       28%        N/A       10%         4
f - Haunt                 Necr/Summ      14%        N/A       100%        7

Your spell library contained the following spells:

 Spells                   Type           Power      Damage    Failure   Level
 Magic Dart               Conj           40%        1d5       7%          1
 Mephitic Cloud           Conj/Pois/Air  12%        N/A       16%         3
 Animate Dead             Necr           9%         N/A       28%         4
 Olgreb's Toxic Radiance  Pois           10%        N/A       56%         4
 Ozocubu's Refrigeration  Ice            5%         4d6       100%        7
 Ignition                 Fire           5%         3d4       100%        8
 Infestation              Necr           9%         N/A       100%        8


Dungeon Overview and Level Annotations

Branches:
Dungeon (7/15)
 Temple: D:4-7

Altars:
Dithmenos

Shops:
D:3 [   D:5 !

Annotations:
D:7 Harold


Innate Abilities, Weirdness & Mutations

You are very small and have problems with some larger weapons.
You are too small for most types of armour.
You have supernaturally acute eyesight. (SInv)
You cover ground extremely quickly. (Speed+++)
You sometimes lose the ability to read scrolls when taking damage.


Message History

Your quokka struggles against the net.
Your hound completely misses Harold.
Harold hits your hound with a +0 flail!!
Your quokka struggles against the net.
The net rips apart, and your quokka comes free!
Your hound closely misses Harold.
Your guardian golem overheats!
Harold hits your guardian golem with a +0 flail!!
Your guardian golem disappears in a puff of smoke!
Your guardian golem explodes!
The fiery explosion engulfs Harold!!
The fiery explosion engulfs your iron imp.
Your iron imp completely resists.
The fiery explosion engulfs your hound!!
Your hound dies!
Your hound's corpse disappears in a puff of smoke!
The fiery explosion engulfs your quokka!!!
Your quokka dies!
Your quokka's corpse disappears in a puff of smoke!
The fiery explosion engulfs your quokka!!
Your quokka dies!
Your quokka's corpse disappears in a puff of smoke!
You hear two shouts!
Casting: Summon Small Mammal (safe; 1% risk of failure)
Confirm with . or Enter, or press ? or * to list all spells.
A guardian golem appears, shielding your allies.
Your iron imp barely misses Harold.
Harold is engulfed in blazing flames.
Casting: Summon Guardian Golem (safe; 1% risk of failure)
Confirm with . or Enter, or press ? or * to list all spells.
A beastly little devil appears in a puff of flame.
Your iron imp disappears in a puff of smoke!
Harold fires a harpoon shot at you. The harpoon shot misses you.
Casting: Call Imp (safe; 1% risk of failure)
Confirm with . or Enter, or press ? or * to list all spells.
You don't have enough magic to cast this spell.
Harold fires a harpoon shot at you. The harpoon shot hits you!!
You feel threatened and lose the ability to read scrolls!
You die...

..r.(....###
.r...r.....##
...§....h#..###
.........O....#
#######+#####.#
.. #.## #.
#..## . #.
#..)##
....#.#...@##
#.)'§§§..#
....#.#§@9§.#
.# #)##§§.§.#
#.. #...5## ..#
#...## #'#
#...# #.#..
#.##..


You could see Harold (ally target) and a friendly guardian golem (summoned).

Vanquished Creatures
  A hound skeleton (D:5)
  2 ufetubi
  An orc (D:6)
4 creatures vanquished.

Vanquished Creatures (collateral kills)
  A water moccasin (D:5)
  An ice beast (D:5)
  A necrophage (D:5)
  2 ogres
  A black bear (D:5)
  2 bullfrogs
  A scorpion (D:5)
  A howler monkey (D:5)
  A centaur zombie (D:6)
  2 jellies
  2 orc priests (D:5)
  A gnoll shaman (D:5)
  2 hounds
  An iguana (D:6)
  A scorpion zombie (D:3)
  4 orc wizards
  A killer bee zombie (D:4)
  A hound skeleton (D:5)
  5 adders
  A shadow imp (D:5)
  A white imp (D:6)
  A worm (D:4)
  3 dart slugs (D:3)
  19 orcs
  10 endoplasms
  A giant cockroach (D:4)
  8 goblins
  12 hobgoblins
  A jackal (D:3)
  3 quokkas (D:1)
  4 ball pythons
  2 frilled lizards
  6 kobolds
  2 rats (D:2)
105 creatures vanquished.

Vanquished Creatures (others)
  A two-headed ogre (D:7)
  A cyclops (D:7)
  A troll (D:7)
  An ice beast (D:6)
  A gnoll sergeant (D:6)
  A scorpion (D:6)
  A wight (D:6)
  A jelly (D:7)
  2 orc priests (D:7)
10 creatures vanquished.

Grand Total: 119 creatures vanquished

Notes
Turn   | Place    | Note
-------+----------+-------------------------------------------
     0 | D:1      | BinkBink the Spriggan Summoner began the quest for the Orb.
     0 | D:1      | Reached XP level 1. HP: 9/9 MP: 5/5
   141 | D:1      | Found a faded altar of an unknown god.
   204 | D:1      | Reached XP level 2. HP: 13/13 MP: 3/6
   299 | D:1      | Reached skill level 3 in Spellcasting
  1622 | D:2      | Reached XP level 3. HP: 16/16 MP: 5/8
  1625 | D:2      | Learned a level 2 spell: Call Imp
  2484 | D:3      | Found Rerchaggo's Armour Shop.
  2613 | D:3      | Reached skill level 4 in Spellcasting
  2624 | D:3      | Reached XP level 4. HP: 13/21 MP: 3/11
  3003 | D:3      | Found a shadowy altar of Dithmenos.
  3261 | D:3      | Reached skill level 5 in Spellcasting
  3548 | D:4      | Learned a level 3 spell: Call Canine Familiar
  3569 | D:4      | Reached XP level 5. HP: 24/24 MP: 10/13
  3847 | D:4      | Noticed an ogre
  3872 | D:4      | Killed an ogre
  4234 | D:4      | Reached skill level 6 in Spellcasting
  4234 | D:4      | Reached XP level 6. HP: 28/28 MP: 14/16
  4970 | D:5      | Entered Level 5 of the Dungeon
  5020 | D:5      | Noticed an ice beast
  5054 | D:5      | Killed an ice beast
  5156 | D:5      | Reached skill level 7 in Spellcasting
  5156 | D:5      | Reached skill level 5 in Summonings
  5191 | D:5      | Noticed a water moccasin
  5200 | D:5      | Reached XP level 7. HP: 32/32 MP: 10/18
  5680 | D:4      | Learned a level 3 spell: Summon Guardian Golem
  6364 | D:5      | Reached skill level 8 in Spellcasting
  6389 | D:5      | Reached skill level 1 in Hexes
  6389 | D:5      | Reached XP level 8. HP: 26/36 MP: 17/21
  7767 | D:5      | Found Zeptuth's Distillery.
  8059 | D:6      | Reached skill level 9 in Spellcasting
  9123 | D:6      | Learned a level 4 spell: Summon Lightning Spire
  9131 | D:6      | Learned a level 7 spell: Haunt
  9933 | D:5      | Gained mutation: You sometimes lose the ability to read
                  | scrolls when taking damage. [potion of mutation]
 10120 | D:7      | Noticed a cyclops
 10163 | D:7      | Noticed a troll
 10169 | D:7      | Killed a cyclops
 10169 | D:7      | Killed a troll
 10170 | D:7      | Reached skill level 10 in Spellcasting
 10170 | D:7      | Reached skill level 1 in Necromancy
 10170 | D:7      | Reached skill level 1 in Air Magic
 10170 | D:7      | Reached XP level 9. HP: 7/39 MP: 13/24
 10199 | D:7      | Noticed a two-headed ogre
 10236 | D:7      | Killed a two-headed ogre
 10246 | D:7      | Noticed Harold
 10259 | D:7      | Killed from afar by Harold

Illustrated notes

Levels and vault maps discovered:
D:1:      ncdulo_halloftheorcs, layout_basic, nicolae_ecumenical_snake_handling
D:2:      layout_rooms, serial_rivers, chequers_serial_rivers_micro_d,
          chequers_serial_rivers_small_3, chequers_serial_rivers_room_a,
          chequers_serial_rivers_small_a, chequers_serial_rivers_micro_e,
          chequers_serial_rivers_micro_d
D:3:      layout_loops_ring, amcnicky_altar_gilded, serial_shops,
          nicolae_shop_trees, minmay_misc_feat_four_crosses,
          minmay_misc_feat_five, grunt_ministairs_14, minmay_vboxes
D:4:      layout_basic
D:5:      minmay_opposing_rooms, layout_basic, serial_shops,
          nicolae_take_the_stairs
D:6:      minmay_inner_zag, layout_loops_ring, uniq_crazy_yiuf_cottage
D:7:      layout_cave_pods, minmay_temple_entry_mini_moons, serial_shops, shop,
          minmay_the_grid_2x2 [minmay_the_grid_diamond_grid,
          minmay_the_grid_large_cup, minmay_the_grid_armoury,
          minmay_the_grid_prize_big_room], uniq_harold, uniq_duvessa

Skill      XL: |  1  2  3  4  5  6  7  8  9 |
---------------+----------------------------+-----
Spellcasting   | 3 4 5 6 7 8 10 | 10.5
Summonings     | 4 5 6 7 |  7.4
Dodging        | 3 |  3.2
Hexes          | 1 3 4 |  4.4
Stealth        | 4 |  4.4
Necromancy     | 1 2 |  2.1
Air Magic      | 1 2 |  2.2

Action                   |  1- 3 |  4- 6 |  7- 9 || total
-------------------------+-------+-------+-------++-------
Melee: Dagger            |       |       |     7 ||     7
 Cast: Summon Small Mamm |    64 |    74 |    53 ||   191
       Call Imp          |     7 |    15 |    28 ||    50
       Call Canine Famil |       |     8 |    39 ||    47
       Summon Guardian G |       |       |    16 ||    16
  Use: Potion            |       |     1 |     8 ||     9
       Scroll            |       |       |    10 ||    10
 Stab: Sleeping          |       |       |     1 ||     1
Armor: Robe              |     3 |     5 |     3 ||    11
Dodge: Dodged            |    21 |    25 |    28 ||    74

Table legend: (Time is in decaauts)
 A = Elapsed time spent in this place.
 B = Non-inter-level travel time spent in this place.
 C = Inter-level travel time spent in this place.
 D = Time resting spent in this place.
 E = Time spent auto-exploring this place.
 F = Levels seen in this place.
 G = Mean time per level.
                   A        B        C        D        E       F      G
               +--------+--------+--------+--------+--------+-----+--------+
         Total |   7996 |   7369 |    627 |      0 |   5391 |   7 | 1142.3 |
       Dungeon |   7996 |   7369 |    627 |      0 |   5391 |   7 | 1142.3 |
               +--------+--------+--------+--------+--------+-----+--------+

Top non-repeatable levels by time:
     D:5: 2303 daAuts
     D:4: 1417 daAuts
     D:3: 1211 daAuts
     D:6: 1178 daAuts
     D:1: 1128 daAuts
     D:2: 580 daAuts
     D:7: 176 daAuts
